 Dungeon Crawl Stone Soup version 0.26-a0-658-gbdda728c12 (webtiles) character file.

Game seed: 16711267376673987790

304 flotson the Caller (level 6, -1/51 HPs)
             Began as a Tengu Summoner on Oct 5, 2020.
             Slain by a scorpion (5 damage)
             ... on level 3 of the Dungeon.
             The game lasted 00:09:13 (3563 turns).

flotson the Caller (Tengu Summoner)                 Turns: 3563, Time: 00:09:13

Health: -1/51      AC: 23    Str:  8    XL:     6   Next: 38%
Magic:  11/11      EV:  2    Int: 17    God:
Gold:   126        SH:  0    Dex: 15    Spells: 5/11 levels left

rFire    . . .     SeeInvis .   b - +0 arbalest
rCold    . . .     Faith    +   (shield currently unavailable)
rNeg     + + +     Spirit   .   (armour currently unavailable)
rPois    +         Reflect  .   (helmet currently unavailable)
rElec    .         Harm     .   (cloak currently unavailable)
rCorr    .         Rampage  .   (gloves currently unavailable)
MR       .....     NoTele   +   (boots unavailable)
Stlth    ++........             j - amulet of faith
HPRegen  0.17/turn              (no ring)
MPRegen  0.12/turn              (no ring)

@: lethally poisoned (-1 -> -6), tree-form
A: able to fly
a: Fly


You were on level 3 of the Dungeon.
You were a tree.
You visited 1 branch of the dungeon, and saw 4 of its levels.

You collected 126 gold pieces.

Inventory:

Hand Weapons
 a - a +1 spear
 b - a +0 arbalest (weapon)
 h - a +0 dagger of draining
Missiles
 q - 26 bolts (quivered)
Armour
 f - a +1 robe (melded)
Jewellery
 j - an amulet of faith (around neck)
Wands
 i - a wand of iceblast (8)
 l - a wand of acid (11)
 r - a wand of polymorph (3)
Scrolls
 c - 3 scrolls of identify
 e - a scroll of enchant armour
 p - 3 scrolls of teleportation
Potions
 g - a potion of curing {unknown}
 k - 2 potions of brilliance
 m - a potion of ambrosia {unknown}
 n - a potion of stabbing {unknown}
 o - a potion of cancellation {unknown}


   Skills:
 + Level 1.4 Fighting
 + Level 2.7 Polearms
 + Level 2.6 Dodging
 + Level 3.2 Stealth
 + Level 0.8 Unarmed Combat
 + Level 3.3 Spellcasting
 + Level 6.1 Summonings


You had 5 spell levels left.
You knew the following spells:

 Your Spells              Type           Power        Failure   Level
a - Summon Small Mammal   Summ           ###.         1%          1
b - Call Imp              Summ           ###.....     1%          2
c - Call Canine Familiar  Summ           ###.....     4%          3

Your spell library contained the following spells:

 Spells                   Type           Power        Failure   Level
 Summon Guardian Golem    Hex/Summ       ##......     14%         3
 Summon Ice Beast         Ice/Summ       ##......     43%         4
 Summon Lightning Spire   Summ/Air       ##......     43%         4


Dungeon Overview and Level Annotations

Branches:
Dungeon (4/15)
 Temple: D:4-7

Altars:
Ashenzari
Ru
Sif Muna


Innate Abilities, Weirdness & Mutations

((You have a beak for a mouth.))
((You have claws for feet.))
You can fly continuously.


Message History

There is a stone staircase leading up, spattered with blood here.
You climb upwards.
Your summoned ally is left behind.
There is a stone staircase leading down here.
A scorpion is nearby!
You shoot a bolt. The bolt hits the scorpion.
The scorpion is lightly wounded.
The scorpion barely misses you.
You shoot a bolt. The bolt barely misses the scorpion.
The scorpion stings you.
You are poisoned.
The scorpion poisons you! The scorpion misses you.
You shoot a bolt. The bolt hits the scorpion!
The scorpion is heavily wounded.
You feel sick. The scorpion stings you! x2
* * * LOW HITPOINT WARNING * * *
You are too injured to fight recklessly!
You are too injured to fight recklessly!
It was a potion of lignification.
You turn into a tree.
Your +1 robe melds into your body.
Your roots penetrate the ground.
The scorpion stings you.
You die...

#.......#
#############.......#
......(.............#
#############.......#
# #.......# #
#..)....# # ####(####
# #s# ## #######
####♣#### .###.....#
#>......# ..##.....#
#.##..#.# ...).....#
#.##.#..# ..##.....#
#.#.###.# .###.....#
#.##.#..# ## #######
#.##.(#.# # #.......#
# ####<####


You could see a scorpion.

Vanquished Creatures
  Grinder (D:3)
  A hound (D:4)
  An adder (D:2)
  A gnoll (D:3)
  2 howler monkey skeletons
  2 dart slugs (D:3)
  A leopard gecko (D:3)
  4 orcs (D:3)
  4 giant cockroaches
  4 hobgoblins
  A quokka (D:3)
  3 bats
  A frilled lizard (D:3)
  3 goblins
  2 kobolds
  5 rats
36 creatures vanquished.

Vanquished Creatures (collateral kills)
  An orc wizard (D:3)
  A worker ant (D:4)
  3 gnolls (D:3)
  A worm (D:2)
  A dart slug (D:1)
  3 orcs (D:3)
  4 bats
  A giant cockroach (D:1)
  3 goblins (D:1)
  A hobgoblin (D:2)
  A ball python (D:1)
  A frilled lizard (D:2)
  A rat (D:1)
22 creatures vanquished.

Grand Total: 58 creatures vanquished

Notes
Turn   | Place    | Note
-------+----------+-------------------------------------------
     0 | D:1      | flotson the Tengu Summoner began the quest for the Orb.
     0 | D:1      | Reached XP level 1. HP: 10/10 MP: 4/4
    71 | D:1      | Reached skill level 5 in Summonings
   442 | D:1      | Reached XP level 2. HP: 15/15 MP: 4/6
   446 | D:1      | Learned a level 2 spell: Call Imp
   486 | D:1      | You fall into a shaft and drop 1 floor!
   579 | D:2      | Found a broken altar of Ashenzari.
   874 | D:2      | Found a shimmering blue altar of Sif Muna.
   975 | D:2      | Reached XP level 3. HP: 11/19 MP: 7/7
  1820 | D:3      | Reached XP level 4. HP: 24/24 MP: 4/9
  1902 | D:3      | Found a sacrificial altar of Ru.
  2626 | D:3      | Learned a level 3 spell: Call Canine Familiar
  2719 | D:3      | Noticed Grinder
  2743 | D:3      | Reached skill level 1 in Polearms
  2785 | D:3      | Killed Grinder
  2785 | D:3      | Reached skill level 1 in Fighting
  2785 | D:3      | Gained mutation: You can fly continuously. [Tengu growth]
  2785 | D:3      | Reached XP level 5. HP: 11/29 MP: 1/10
  2785 | D:3      | Reached XP level 6. HP: 14/34 MP: 1/11
  3517 | D:4      | Reached skill level 6 in Summonings
  3563 | D:3      | Slain by a scorpion

Illustrated notes

Levels and vault maps discovered:
D:1:      moated_graveyard_arrival, layout_loops_corners,
          kennysheep_flooded_box, nrook_mini_vaults, minmay_domino_2
D:2:      layout_loops_ring, nicolae_ashenzari_panopticon, led_sif_pool,
          chequers_serial_rivers_large_b
D:3:      layout_loops_cross, nicolae_overflow_hidden_temple, uniq_grinder
D:4:      layout_basic, eat_drink_and_be_merry_uskayaw, lemuel_doored_altar,
          gammafunk_ghost_grave

Skill      XL: |  1  2  3  4  5  6 |
---------------+-------------------+-----
Summonings     | 5 6 |  6.1
Polearms       | 2 |  2.7
Fighting       | 1 |  1.4
Stealth        | 3 |  3.2
Spellcasting   | 3 |  3.3
Dodging        | |  2.6
Unarmed Combat | |  0.8

Action                   |  1- 3 |  4- 6 || total
-------------------------+-------+-------++-------
Melee: Unarmed           |    22 |       ||    22
       Kick              |    10 |    17 ||    27
       Peck              |     4 |     9 ||    13
       Spear             |    41 |   101 ||   142
 Fire: Arbalest          |       |     3 ||     3
Throw: Throwing net      |       |     1 ||     1
 Cast: Summon Small Mamm |    24 |     1 ||    25
       Call Imp          |     7 |     4 ||    11
       Call Canine Famil |       |     6 ||     6
  Use: Scroll            |       |     6 ||     6
       Potion            |       |     1 ||     1
 Stab: Sleeping          |     4 |     3 ||     7
       Distracted        |     2 |       ||     2
Armor: Robe              |    11 |     7 ||    18
       Skin              |       |     2 ||     2
Dodge: Dodged            |    38 |    39 ||    77

Table legend: (Time is in decaauts)
 A = Elapsed time spent in this place.
 B = Non-inter-level travel time spent in this place.
 C = Inter-level travel time spent in this place.
 D = Time resting spent in this place.
 E = Time spent auto-exploring this place.
 F = Levels seen in this place.
 G = Mean time per level.
                   A        B        C        D        E       F      G
               +--------+--------+--------+--------+--------+-----+--------+
         Total |   3604 |   3416 |    188 |    220 |   2603 |   4 |  901.0 |
       Dungeon |   3604 |   3416 |    188 |    220 |   2603 |   4 |  901.0 |
               +--------+--------+--------+--------+--------+-----+--------+

Top non-repeatable levels by time:
     D:2: 1561 daAuts
     D:3: 1388 daAuts
     D:1: 486 daAuts
     D:4: 167 daAuts
